 Dungeon Crawl Stone Soup version 0.31-a0-1-g4198be8af4 (webtiles) character file.

Game seed: 3155653552117968206

32 lunkers the Firebug (level 3, -3/26 HPs)
             Began as a Meteoran Fire Elementalist on May 1, 2023.
             Slain by a quokka (5 damage)
             ... on level 2 of the Dungeon.
             The game lasted 00:01:58 (329 turns).

lunkers the Firebug (Meteoran Fire Elementalist)     Turns: 329, Time: 00:01:59

Health: -3/26      AC:  2    Str:  9    XL:     3   Next: 64%
Magic:  1/8        EV: 12    Int: 19    God:
Gold:   18         SH:  0    Dex: 14    Spells: 5/8 levels left

rFire   . . .        g - +0 short sword
rCold   . . .        (no shield)
rNeg    . . .        a - +0 robe
rPois   .            (no helmet)
rElec   .            (no cloak)
rCorr   .            (no gloves)
SInv    .            (no boots)
Will    .....        (no amulet)
Stlth   +            (no ring)
HPRegen 0.24/turn    (no ring)
MPRegen 0.11/turn

%: no passive effects
@: glowing
A: sense surroundings 1, otherworldly, glowing, explore regen
a: no special abilities


You were on level 2 of the Dungeon.
You visited 1 branch of the dungeon, and saw 2 of its levels.

You collected 18 gold pieces.

Inventory:

Hand Weapons
 g - a +0 short sword (weapon)
Armour
 a - a +0 robe (worn)
Jewellery
 d - a ring of positive energy
Scrolls
 c - a scroll of fear {unknown}
 f - a scroll of identify {unknown}
Potions
 b - a potion of magic
 e - 2 potions of heal wounds {unknown}


   Skills:
 - Level 2.4 Dodging
 - Level 1.4 Stealth
 + Level 3.3 Spellcasting
 - Level 1.2 Conjurations
 * Level 4.7 Fire Magic


You had 5 spell levels left.
You knew the following spells:

 Your Spells              Type           Power      Damage    Failure   Level
a - Foxfire               Conj/Fire      56%        2x1d6     4%          1
b - Scorch                Fire           42%        2d7       3%          2

Your spell library contained the following spells:

 Spells                   Type           Power      Damage    Failure   Level
 Inner Flame              Hex/Fire       12%        N/A       17%         3
 Volatile Blastmotes      Fire/Tloc      24%        2d12      17%         3
 Flame Wave               Conj/Fire      14%        2d6       38%         4


Dungeon Overview and Level Annotations

Branches:
Dungeon (2/15) Zot: 870

Altars:


Innate Abilities, Weirdness & Mutations

You passively map a small area around you.
You are easily found by Zot.
You glow in the dark.
You regain HP and MP as you explore.


Message History

* * * LOW MAGIC WARNING * * *
The foxfire hits the hobgoblin.
The hobgoblin is moderately wounded.
Unknown command.
You closely miss the hobgoblin.
The hobgoblin is moderately wounded.
The foxfire hits the hobgoblin.
The hobgoblin is almost dead.
The quokka bites you but does no damage.
The hobgoblin hits you with a +0 dagger.
You closely miss the hobgoblin.
The hobgoblin is almost dead.
The hobgoblin hits you with a +0 dagger.
* * * LOW HITPOINT WARNING * * *
The quokka bites you.
* * * LOW HITPOINT WARNING * * *
You closely miss the hobgoblin.
The hobgoblin is almost dead.
The hobgoblin barely misses you. The quokka bites you.
* * * LOW HITPOINT WARNING * * *
The hobgoblin completely misses you.
You hit the hobgoblin.
You kill the hobgoblin!
The quokka closely misses you.
Unknown command.
You hit the quokka.
The quokka is lightly wounded.
The quokka misses you. The quokka bites you.
* * * LOW HITPOINT WARNING * * *
You barely miss the quokka.
The quokka is lightly wounded.
The quokka bites you.
* * * LOW HITPOINT WARNING * * *
You hit the quokka.
The quokka is severely wounded.
The quokka closely misses you.
You completely miss the quokka.
The quokka is severely wounded.
The quokka bites you.
You die...

* * #.#......# #.#.g...#
* #.#......# #K###K### *
#........# #.###'## * *
* ####..######>##...## ,
* #.......gr#..†..## ,**
##..######.......## * *
#######...####.........#
......))r....+.........+
######.@..####....g....#
* #....## #........##
##.### #.#<.....# #.#
*#.....#..# #.#
...#.[#..# #.#
#.###.###.# ####.### * ,
* * #......# , #.##.#.#
* , *


You could see a quokka.

Vanquished Creatures
  An adder (D:2)
  2 bats (D:1)
  2 endoplasms (D:2)
  A giant cockroach (D:1)
  A goblin (D:2)
  6 hobgoblins
  2 ball pythons
  2 kobolds
  3 rats (D:1)
20 creatures vanquished.

Vanquished Creatures (others)
  36 foxfires
36 creatures vanquished.

Grand Total: 56 creatures vanquished

Notes
Turn   | Place    | Note
-------+----------+-------------------------------------------
     0 | D:1      | lunkers the Meteoran Fire Elementalist began the quest for
                  | the Orb.
     0 | D:1      | Reached XP level 1. HP: 14/14 MP: 5/5
    65 | D:1      | Reached XP level 2. HP: 14/20 MP: 0/6
    76 | D:1      | Reached skill level 4 in Fire Magic
   131 | D:1      | Learned a level 2 spell: Scorch
   216 | D:1      | You fall into a shaft and drop 1 floor!
   257 | D:2      | Reached XP level 3. HP: 26/26 MP: 0/8
   327 | D:2      | HP: 1/26 [quokka (5)]
   329 | D:2      | Slain by a quokka

Illustrated notes

Levels and vault maps discovered:
D:1:      scummos_arrival_simple_fountains, layout_basic, nicolae_grassy_gnolls
D:2:      layout_loops_corners, minmay_pentomino_t4

Skill      XL: |  1  2 |
---------------+-------+-----
Fire Magic     | 4 |  4.7
Spellcasting   | 3 |  3.3
Dodging        | |  2.4
Stealth        | |  1.4
Conjurations   | |  1.2

Action                     || total
---------------------------++-------
  Melee: Unarmed           ||     3
         Short sword       ||     9
   Cast: Foxfire           ||    26
         Scorch            ||     7
 Armour: Robe              ||     2
  Dodge: Dodged            ||    10

Table legend: (Time is in decaauts)
 A = Elapsed time spent in this place.
 B = Non-inter-level travel time spent in this place.
 C = Inter-level travel time spent in this place.
 D = Time resting spent in this place.
 E = Time spent auto-exploring this place.
 F = Levels seen in this place.
 G = Mean time per level.
                   A        B        C        D        E       F      G
               +--------+--------+--------+--------+--------+-----+--------+
         Total |    328 |    328 |      0 |      0 |    201 |   2 |  164.0 |
       Dungeon |    328 |    328 |      0 |      0 |    201 |   2 |  164.0 |
               +--------+--------+--------+--------+--------+-----+--------+

Top non-repeatable levels by time:
     D:1: 215 daAuts
     D:2: 112 daAuts
